AoeStats
← mr_nvm

Arabia

509463872Analyzed
2v2 RM · 6d ago on Sep 26, 2026· 23m 24s· 4 players
Game mode
Random Map
Map size
Medium (4 player)
Population
200
Speed
Normal
Resources
Standard
Victory
Conquest
Starting age
Dark Age
Ending age
Imperial Age
RankedLock teamsTeams togetherTeam positionsShared explorationLock speedFull tech treeHidden civsTurbo modeCheats
Victory
Defeat
🇹🇷 Magyars · Türkiye
1443
+15
🇧🇷 Saracens · Brazil
1394
+16
🇩🇪 Varangians · Germany
1422
-16
🇩🇪 Danes · Germany
1400
-15
mr_nvm
7:58 Loom
10:04 Feudal Age
12:49 Double-Bit Axe
12:46 Horse Collar
20:31 Castle Age
van jonsenheim
7:09 Loom
9:58 Feudal Age
11:20 Double-Bit Axe
12:16 Horse Collar
14:30 Scale Barding Armor
17:14 Forging
17:45 Bloodlines
21:08 Wheelbarrow
22:11 Gold Mining
Kean
6:23 Loom
8:49 Feudal Age
9:32 Double-Bit Axe
15:09 Scale Barding Armor
17:38 Bloodlines
18:50 Wheelbarrow
22:24 Castle Age
21:22 Gold Mining
22:27 Light Cavalry
23:28 Chain Barding Armor
23:27 Bow Saw
brunoteixeirster
6:00 Loom
9:14 Feudal Age
9:53 Double-Bit Axe
18:34 Fletching
19:04 Gold Mining
22:31 Castle Age
22:34 Padded Archer Armor
23:16 Crossbowman
Connection lost

Rejoining the realm…

Still unreachable

The connection could not be restored.

Session expired

The server has moved on; the page needs a fresh start.